Map: Ascension to Aiur LE

Players

digiron

  • Race: Protoss Protoss
  • League: Gold
  • Spawn Location: 11:00

Juxtapose - Winner!

  • Race: Zerg Zerg
  • Spawn Location: 5:00

VOD

https://youtu.be/Fdhpwom-MsI

Description

Lurkers were one of my favourite units added in Starcraft: Brood War, and I was happy to see them re-added properly in StarCraft II: Legacy of the Void. I've never gotten to properly use them in Multiplayer though. Until this match.

Being my first time deploying them I certainly didn't do it perfectly, but I have a better feel for them and think I know how to do so better next time.

Another thing I've found between the original game and the sequel is several iconic units of old are far less useful now. The Hydralisk, for example, I generally find much less used than in Starcraft: Brood War (though they were Tier 1 then).

I am finding them handy against Protoss, and I use them to very good effect in this match.

Time

  • Played on: May 30, 2017, 8:49 p.m.
  • Length: 10:47
Show
View Real Time Build Order
Export as new Build Order

digiron Protoss 

Build Orders: Oracle Opening, Phoenix Opening 

Get SALT Encoding   

  12  0:01  Probe (Chrono Boost)  
  13  0:11  Probe (Chrono Boost)  
  14  0:20  Pylon  
  14  0:22  Probe (Chrono Boost)  
  15  0:39  Probe (Chrono Boost)  
  15  0:40  Gateway  
  16  0:49  Probe (Chrono Boost)  
  17  0:59  Assimilator  
  17  1:00  Probe (Chrono Boost)  
  17  1:03  Assimilator  
  18  1:07  Pylon  
  18  1:10  Probe (Chrono Boost)  
  19  1:21  Probe (Chrono Boost)  
  20  1:31  Probe (Chrono Boost)  
  21  1:42  Cybernetics Core  
  21  1:43  Zealot, Probe (Chrono Boost)  
  25  1:55  Probe (Chrono Boost)  
  25  2:07  Probe (Chrono Boost)  
  26  2:08  Zealot  
  26  2:09  Pylon  
  28  2:19  Probe (Chrono Boost)  
  29  2:25  Stargate  
  30  2:31  Probe (Chrono Boost), Stalker  
  32  2:43  Probe (Chrono Boost)  
  33  2:56  Nexus  
  33  3:00  Stalker  
  35  3:08  Phoenix  
  38  3:20  Robotics Facility  
  38  3:21  Probe (Chrono Boost)  
  38  3:39  Pylon  
  38  3:43  Probe (Chrono Boost)  
  39  3:52  Oracle  
  39  3:56  Stalker  
  44  4:10  Assimilator  
  44  4:14  Assimilator  
  45  4:17  Probe (Chrono Boost)  
  45  4:19  Probe (Chrono Boost)  
  45  4:22  Stalker  
  45  4:23  Oracle  
  46  4:29  Probe (Chrono Boost)  
  53  4:31  Probe (Chrono Boost)  
  53  4:41  Probe (Chrono Boost)  
  53  4:43  Probe (Chrono Boost)  
  55  4:48  Stalker  
  58  4:53  Probe (Chrono Boost)  
  58  4:56  Probe (Chrono Boost)  
  59  5:04  Pylon  
  59  5:06  Probe (Chrono Boost)  
  61  5:08  Probe (Chrono Boost)  
  61  5:11  Pylon  
  61  5:16  Pylon  
  61  5:17  Void Ray  
  61  5:18  Probe (Chrono Boost)  
  62  5:22  Sentry  
  62  5:23  Observer  
  62  5:24  Probe (Chrono Boost)  
  70  5:31  Probe (Chrono Boost)  
  72  5:36  Pylon, Probe (Chrono Boost)  
  72  5:44  Observer  
  72  5:45  Sentry  
  75  6:07  Void Ray  
  73  6:18  Zealot  
  73  6:19  Robotics Bay  
  76  6:33  Probe (Chrono Boost)  
  76  6:42  Zealot  
  76  6:44  Stargate  
  76  6:45  Probe (Chrono Boost), Void Ray  
  83  7:07  Sentry  
  83  7:11  Colossus  
  85  7:22  Nexus  
  91  7:34  Pylon  
  91  7:35  Pylon  
  91  7:37  Pylon  
  91  7:38  Pylon  
  91  7:42  Pylon  
  91  7:44  Pylon  
  91  7:46  Void Ray  
  91  7:52  Void Ray  
  91  7:58  Colossus  
  101  7:59  Assimilator  
  101  8:02  Mothership Core (Chrono Boost)  
  101  8:04  Assimilator  
  107  8:23  Void Ray  
  111  8:34  Void Ray  
  115  8:46  Colossus  
  121  9:10  Void Ray  
  125  9:17  Void Ray  
  129  9:33  Colossus  
  127  9:47  Void Ray  
  127  9:52  Probe (Chrono Boost)  
  114  10:02  Probe (Chrono Boost)  
  95  10:13  Probe (Chrono Boost)  
  59  10:23  Probe (Chrono Boost)  
Show
View Real Time Build Order
Export as new Build Order

Juxtapose Zerg - Winner!

Build Orders: Pool First, Lurkers 

Get SALT Encoding   

  12  0:01  Drone  
  13  0:13  Overlord  
  13  0:17  Drone  
  14  0:31  Drone  
  14  0:32  Drone  
  16  0:48  Drone  
  16  0:49  Spawning Pool  
  16  0:53  Overlord  
  16  1:00  Drone  
  17  1:07  Extractor  
  17  1:10  Drone  
  17  1:19  Drone  
  18  1:29  Drone  
  19  1:38  Queen  
  21  1:46  Hatchery  
  20  1:47  Drone  
  20  1:50  Zergling x2  
  22  2:01  Drone  
  23  2:13  Drone  
  24  2:19  Queen  
  26  2:23  Metabolic Boost  
  26  2:24  Drone  
  27  2:30  Extractor  
  27  2:33  Drone  
  27  2:44  Overlord  
  27  2:48  Drone x3  
  30  3:15  Drone  
  30  3:16  Drone  
  30  3:18  Overlord x2  
  30  3:19  Drone x3  
  35  3:22  Lair  
  35  3:26  Evolution Chamber  
  34  3:31  Drone  
  35  3:34  Spine Crawler  
  34  3:49  Drone  
  34  3:50  Drone  
  36  3:56  Queen  
  38  4:06  Zerg Missile Weapons Level 1  
  38  4:11  Drone  
  38  4:15  Drone x3  
  38  4:16  Drone x2  
  44  4:26  Hydralisk Den  
  44  4:28  Burrow  
  44  4:30  Drone x3  
  46  4:35  Extractor  
  45  4:40  Drone x2  
  45  4:41  Drone x3  
  45  4:42  Queen  
  52  4:47  Extractor  
  52  4:48  Drone  
  52  5:02  Overlord  
  52  5:04  Lurker Den  
  52  5:08  Hatchery  
  51  5:17  Drone  
  52  5:26  Hydralisk x3  
  52  5:28  Hydralisk  
  58  5:30  Overlord x3  
  53  5:57  Drone x2  
  53  5:58  Hydralisk x3  
  53  6:00  Zerg Ground Armor Level 1  
  53  6:04  Drone x5  
  61  6:10  Hydralisk  
  58  6:12  Hydralisk x2  
  62  6:27  Hydralisk x3  
  68  6:34  Muscular Augments  
  68  6:40  Spore Crawler  
  68  6:43  Spore Crawler, Drone  
  67  6:47  Spore Crawler  
  66  7:08  Drone x2  
  66  7:09  Drone x3  
  66  7:11  Drone x5  
  66  7:13  Hydralisk  
  78  7:19  Lurker x2  
  78  7:22  Lurker  
  81  7:28  Hydralisk x2  
  85  7:33  Overlord  
  85  7:40  Drone x4  
  89  7:45  Overseer x3  
  89  7:54  Zerg Missile Weapons Level 2  
  89  8:07  Extractor  
  89  8:10  Extractor  
  89  8:11  Drone x3  
  90  8:19  Hydralisk x4  
  94  8:21  Overlord  
  94  8:22  Overlord  
  94  8:24  Overlord x2  
  98  8:49  Hydralisk  
  98  8:50  Drone x3, Hydralisk x2  
  107  8:59  Hydralisk x2  
  107  9:00  Hydralisk x2  
  115  9:11  Drone  
  116  9:29  Hydralisk x4  
  116  9:30  Hydralisk  
  126  9:32  Hydralisk x2  
  126  9:34  Overlord x2  
  126  10:04  Hydralisk x4  
  126  10:05  Zergling x12  
  113  10:19  Hydralisk x3  
  115  10:34  Lurker  
  116  10:35  Lurker  
Tags
 
Add a new tag
Caveats
  • Supply blocks, unpowered buildings, or Contaminate may cause inaccurate times.
  • Supply counts are checked every 10 seconds.